AoeStats
← 505342024

Nomad

509391179Analyzed
2v2 RM · 5d ago on Sep 26, 2026· 28m 46s· 4 players
Game mode
Random Map
Map size
176×176
Population
200
Speed
Normal
Resources
Standard
Victory
Conquest
Starting age
Dark Age
Ending age
Imperial Age
RankedLock teamsTeams togetherTeam positionsShared explorationLock speedFull tech treeHidden civsTurbo modeCheats
Victory
Defeat
🇻🇳 Japanese · Vietnam
1242
+11
🇯🇵 Ethiopians · Japan
1238
+11
🇨🇳 Franks · China
1142
-12
🇺🇸 Chinese · United States
1097
-10
505342024
9:01 Loom
14:44 Feudal Age
19:31 Castle Age
20:18 Scale Barding Armor
20:23 Forging
20:27 Husbandry
24:00 Chain Barding Armor
ncinko
2:49 Loom
15:19 Feudal Age
17:34 Double-Bit Axe
26:25 Castle Age
26:05 Stone Mining
27:57 Bow Saw
27:34 Horse Collar
MemeManVai
4:49 Loom
16:13 Feudal Age
16:59 Double-Bit Axe
21:14 Castle Age
19:50 Stone Mining
22:20 Bow Saw
22:10 Fletching
22:33 Forging
22:25 Scale Mail Armor
23:40 Wheelbarrow
25:27 Iron Casting
26:42 Chain Mail Armor
26:17 Fishing Lines
27:09 Medium Warships
27:24 Gambesons
27:39 Squires
27:25 Arson
Sir-Jupiter
11:05 Loom
12:53 Feudal Age
13:26 Man-at-Arms
18:44 Fletching
26:36 Castle Age
25:26 Double-Bit Axe
25:22 Horse Collar
Connection lost

Rejoining the realm…

Still unreachable

The connection could not be restored.

Session expired

The server has moved on; the page needs a fresh start.